 Dungeon Crawl Stone Soup version 0.30.1-11-g7821555f0a (webtiles) character file.

Game seed: 197525142524443391

296 hawla the Firebug (level 6, -1/45 HPs)
             Began as a Meteoran Fire Elementalist on Jan 3, 2024.
             Was an Initiate of Vehumet.
             Slain by a gnoll bouda
             ... wielding a +0 whip
              (9 damage)
             ... on level 5 of the Dungeon.
             The game lasted 00:08:24 (1218 turns).

hawla the Firebug (Meteoran Fire Elementalist)      Turns: 1218, Time: 00:08:25

Health: -1/45      AC:  2    Str:  9    XL:     6   Next: 93%
Magic:  10/12      EV: 12    Int: 20    God:    Vehumet [......]
Gold:   138        SH:  0    Dex: 14    Spells: 2/11 levels left

rFire   . . .        c - +2 dagger (venom)
rCold   . . .        (no shield)
rNeg    . . .        a - +0 robe
rPois   .            (no helmet)
rElec   .            (no cloak)
rCorr   .            (no gloves)
SInv    .            (no boots)
Will    .....        (no amulet)
Stlth   +            (no ring)
HPRegen 0.27/turn    (no ring)
MPRegen 0.13/turn

%: no passive effects
@: weakened, glowing
A: sense surroundings 1, otherworldly, glowing, explore regen
a: Renounce Religion


You were on level 5 of the Dungeon.
You worshipped Vehumet.
Vehumet was noncommittal.
You visited 2 branches of the dungeon, and saw 6 of its levels.

You collected 138 gold pieces.

Inventory:

Hand Weapons
 c - a +2 dagger of venom (weapon)
Armour
 a - a +0 robe (worn)
Wands
 i - a wand of charming (10) (quivered)
Scrolls
 d - a scroll of immolation
 e - a scroll of identify
Potions
 b - a potion of cancellation
 g - a potion of might
 h - 2 potions of lignification {unknown}
 k - a potion of curing
 m - a potion of degeneration {unknown}


   Skills:
 + Level 3.7 Short Blades
 - Level 2.7 Dodging
 - Level 1.4 Stealth
 - Level 3.4 Spellcasting
 - Level 4.4 Conjurations
 + Level 1.0 Translocations
 - Level 4.4 Fire Magic
 + Level 1.1 Evocations


You had 2 spell levels left.
You knew the following spells:

 Your Spells              Type           Power      Damage    Failure   Level
a - Foxfire               Conj/Fire      84%        2x1d8     2%          1
b - Scorch                Fire           42%        2d7       3%          2
c - Flame Wave            Conj/Fire      21%        2d8       22%         4
d - Blink                 Tloc           14%        N/A       14%         2

Your spell library contained the following spells:

 Spells                   Type           Power      Damage    Failure   Level
 Momentum Strike          Conj/Tloc      28%        3d8       7%          2
 Lesser Beckoning         Tloc           14%        N/A       14%         2
 Volatile Blastmotes      Fire/Tloc      28%        2d12      13%         3
 Inner Flame              Hex/Fire       12%        N/A       16%         3


Dungeon Overview and Level Annotations

Branches:
Dungeon (5/15) Zot: 1998   Temple (1/1) D:4 Zot: 376

Altars:
Ashenzari
Cheibriados
Elyvilon
Fedhas
Gozag
Kikubaaqudgha
Nemelex Xobeh
Ru
Sif Muna
Vehumet
Wu Jian
Xom
Zin
The Shining One

Annotations:
D:2 Terence


Innate Abilities, Weirdness & Mutations

You passively map a small area around you.
You are easily found by Zot.
You glow in the dark.
You regain HP and MP as you explore.


Message History

The foxfire hits the gnoll bouda.
The gnoll bouda is moderately wounded.
The foxfire hits the gnoll.
The gnoll is heavily wounded.
A gnoll comes into view. It is wielding a +4 flail.
The gnoll bouda gazes fiercely through you!
You feel your attacks grow feeble.
As you read the scroll of fear, it crumbles to dust.
You assume a fearsome visage.
The hound looks frightened!
The sleepcap is unaffected.
The gnoll bouda looks frightened!
The gnoll looks frightened! x2; The hound looks frightened!
The foxfire hits the gnoll bouda.
The gnoll bouda is heavily wounded.
Your attack snaps the gnoll bouda out of its fear.
The foxfire hits the gnoll bouda.
The gnoll bouda is heavily wounded.
The gnoll bouda barks out a call to the hunt!
The gnoll bouda calls upon its god to heal the gnoll.
The gnoll is healed somewhat.
Your attacks no longer feel as feeble.
The gnoll bouda gazes fiercely through you!
You feel your attacks grow feeble.
As you read the scroll labelled CADAPPOFOJ, it crumbles to dust.
You hear a loud clanging noise!
It was a scroll of noise.
You hear a shout! x2; You hear an angry hiss.
As you read the scroll labelled YPLIMPOALY, it crumbles to dust.
It is a scroll of enchant weapon.
Your +1 dagger of venom glows red for a moment.
The gnoll bouda hits you with a +0 whip!
You hit the sleepcap.
The sleepcap is lightly damaged.
The sleepcap releases spores at you.
You are engulfed in a cloud of soporific spores!
You fall asleep.
The gnoll hits you from afar with a +0 spear!
You wake up.
The gnoll hits you with a +4 flail!
* * * LOW HITPOINT WARNING * * *
The gnoll bouda hits you with a +0 whip!
You die...

* *#'##..#/)[#.
.....#?/=#. * ,,
+###** ....#)$$#. *
.....* ,...#####.
,, , ,
.....####........ ,
.................
,......)g.#..#....
, .......fg#..#, .
###########..g@#+##
* *
#.........#.....#
*, *
,#.........#####.#
,
,#.............'.#
, , + ,
#.............#.#
###'####..#####.# ,
##.####### ##. * *
, ,,+..<..#,,,, ..
,, , , ,#.....#
,,..., , ,


You could see a sleepcap, a gnoll bouda and 2 gnolls.

Vanquished Creatures
  A phantom (D:4)
  A scorpion (D:4)
  An orc priest (D:4)
  An iguana (D:4)
  5 adders
  A gnoll (D:5)
  2 ufetubi (D:4)
  3 orcs (D:4)
  9 ball pythons
  2 bats
  4 endoplasms
  2 giant cockroaches
  A goblin (D:3)
  2 hobgoblins (D:4)
  5 kobolds
  A quokka (D:4)
  A rat (D:3)
42 creatures vanquished.

Vanquished Creatures (others)
  74 foxfires
74 creatures vanquished.

Grand Total: 116 creatures vanquished

Notes
Turn   | Place    | Note
-------+----------+-------------------------------------------
     0 | D:1      | hawla the Meteoran Fire Elementalist began the quest for
                  | the Orb.
     0 | D:1      | Reached XP level 1. HP: 14/14 MP: 5/5
    64 | D:1      | Reached XP level 2. HP: 18/20 MP: 3/6
   116 | D:2      | Reached XP level 3. HP: 18/26 MP: 4/8
   118 | D:2      | Noticed Terence
   119 | D:2      | Learned a level 2 spell: Scorch
   149 | D:2      | Found a glowing golden altar of the Shining One.
   483 | D:3      | Reached skill level 1 in Evocations
   483 | D:3      | Reached XP level 4. HP: 33/33 MP: 6/10
   488 | D:3      | Learned a level 4 spell: Flame Wave
   503 | D:3      | Found a shimmering altar of Xom.
   589 | D:4      | Reached XP level 5. HP: 17/38 MP: 2/11
   669 | D:4      | Found a snail-covered altar of Cheibriados.
   772 | D:3      | Learned a level 2 spell: Blink
   888 | D:4      | Noticed a phantom
   894 | D:4      | Killed a phantom
   895 | D:4      | Reached XP level 6. HP: 45/45 MP: 5/12
   924 | D:4      | Found a staircase to the Ecumenical Temple.
   945 | Temple   | Entered the Ecumenical Temple
  1146 | Temple   | Became a worshipper of Vehumet
  1168 | D:4      | Found a broken altar of Ashenzari.
  1174 | D:5      | Entered Level 5 of the Dungeon
  1198 | D:5      | Found the +5 Force Lance {heavy, knockback}
  1204 | D:5      | Reached skill level 1 in Translocations
  1218 | D:5      | Slain by a gnoll bouda

Illustrated notes

Levels and vault maps discovered:
D:1:      dpeg_arrival_rooms_with_view, layout_rooms, chequers_hall_statues_y,
          chequers_garden
D:2:      layout_basic, basic_altar, serial_forest,
          infiniplex_forest_clump_long, infiniplex_forest_end_double,
          infiniplex_forest_lined_room_2, infiniplex_forest_lined_ring,
          infiniplex_forest_end_double, infiniplex_forest_straight_2,
          infiniplex_forest_end_3, chequers_serial_rivers_micro_b,
          minmay_pentomino_u4, uniq_terence
D:3:      layout_loops_ring, xom_confusion_cloud,
          yredelemnul_forgotten_temple_becter, mainiacjoe_overflow_alcove_4,
          ebering_dispersal_statue_hall, grunt_decor_resistance
D:4:      layout_basic, kennysheep_little_box, slow_altar_1,
          minmay_temple_entry_stoned_glass
D:5:      layout_gridville, old_standard_altar, serial_glass, glass_columns_a,
          glass_columns_b, due_unseen_surprise, minmay_strange_pillars,
          feat_on_display, kennysheep_nondescript, uniq_duvessa, uniq_ijyb,
          uniq_menkaure
Temple:   nicolae_temple_bog_church

Skill      XL: |  1  2  3  4  5  6 |
---------------+-------------------+-----
Spellcasting   | 3 |  3.4
Fire Magic     | 4 |  4.4
Evocations     | 1 |  1.1
Conjurations   | 3 4 |  4.4
Short Blades   | 3 |  3.7
Translocations | 1 |  1.0
Dodging        | |  2.7
Stealth        | |  1.4

Action                     |  1- 3 |  4- 6 || total
---------------------------+-------+-------++-------
  Melee: Unarmed           |       |     5 ||     5
         Dagger            |       |    38 ||    38
   Cast: Foxfire           |    21 |    24 ||    45
         Scorch            |     4 |    15 ||    19
         Blink             |       |     2 ||     2
    Use: Potion            |     2 |     1 ||     3
         Scroll            |     1 |     8 ||     9
 Armour: Robe              |     4 |    14 ||    18
  Dodge: Dodged            |     8 |    34 ||    42
